 Dungeon Crawl Stone Soup version 0.22-b1-21-g5cfc168 (webtiles) character file.

538 dvd the Firebug (level 7, -4/43 HPs)
             Began as an Octopode Fire Elementalist on Aug 5, 2018.
             Was a Follower of Qazlal.
             Slain by a centaur
             ... wielding a cursed -1 shortbow
              (12 damage)
             ... on level 4 of the Dungeon.
             The game lasted 00:06:30 (4042 turns).

dvd the Firebug (Octopode Fire Elementalist)        Turns: 4042, Time: 00:06:31

Health: -4/43      AC:  1    Str:  7    XL:     7   Next: 26%
Magic:  10/12      EV: 14    Int: 19    God:    Qazlal [*.....]
Gold:   148        SH:  1    Dex: 13    Spells: 10/13 levels left

rFire    . . .     SeeInvis .   n - +4 quarterstaff (chaos)
rCold    . . .     Gourm    .   (shield currently unavailable)
rNeg     . . .     Faith    .   (helmet restricted)
rPois    .         Spirit   .   e - amulet of harm
rElec    .         Reflect  .   (no ring)
rCorr    .         Harm     +   (no ring)
MR       .....                  (no ring)
Stlth    +++.......             (no ring)
HPRegen  0.14/turn              (no ring)
MPRegen  0.13/turn              (no ring)
                                (no ring)
                                (no ring)

@: no status effects
A: almost no armour, stealthy swim, amphibious, 8 rings, constrict 8, camouflage
1, gelatinous body 1
a: Renounce Religion


You were on level 4 of the Dungeon.
You worshipped Qazlal.
Qazlal was aware of your devotion.
You were not hungry.

You visited 1 branch of the dungeon, and saw 4 of its levels.

You collected 148 gold pieces.

Inventory:

Hand Weapons
 n - a +4 quarterstaff of chaos (weapon)
 q - a +0 whip of electrocution
Jewellery
 e - an amulet of harm (around mantle)
Scrolls
 a - 7 scrolls of identify {unknown}
 f - 2 scrolls of teleportation {unknown}
 h - a scroll of enchant armour {unknown}
 i - a scroll of fear {unknown}
 j - 2 scrolls of enchant weapon {unknown}
 k - a scroll of fog {unknown}
 m - a scroll of remove curse {unknown}
Potions
 c - a potion of curing
 d - a potion of mutation {unknown}
 l - a potion of brilliance {unknown}
 o - a potion of ambrosia {unknown}
Comestibles
 b - 9 rations
 p - 6 chunks of flesh


   Skills:
 + Level 1.1 Fighting
   Level 2.1 Short Blades
 + Level 0.5 Staves
 + Level 2.7 Dodging
 - Level 2.9 Stealth
 + Level 3.6 Spellcasting
 + Level 3.2 Conjurations
 + Level 5.3 Fire Magic


You had 10 spell levels left.
You knew the following spells:

 Your Spells              Type           Power        Failure   Level  Hunger
a - Flame Tongue          Conj/Fire      ###..        2%          1    None
b - Throw Flame           Conj/Fire      ###...       3%          2    ##.....

Your spell library contained the following spells:

 Spells                   Type           Power        Failure   Level  Hunger
 Fireball                 Conj/Fire      ###.......   56%         5    ######.
 Conjure Flame            Conj/Fire      ###.....     8%          3    ###....
 Sticky Flame             Conj/Fire      ###.....     24%         4    ####...
 Inner Flame              Hex/Fire       ##......     14%         3    ###....


Dungeon Overview and Level Annotations

Branches:
Dungeon (4/15)
 Temple: D:4-7

Altars:
Fedhas
Qazlal

Annotations:
D:4 2 transporters, letownia2's ghost, weakling DsFi


Innate Abilities, Weirdness & Mutations

You cannot wear most types of armour.
You are very stealthy in the water. (Stealth+)
You are amphibious.
You can wear up to eight rings at the same time.
You can use your tentacles to constrict eight enemies at once.
Your skin changes colour to match your surroundings (Stealth+).
Your rubbery body absorbs attacks. (AC +1, EV +1)


Message History

The centaur hits you with an enchanted shortbow!
* * * LOW HITPOINT WARNING * * *
You see here 2 arrows.
You barely miss the centaur.
The centaur hits you with an enchanted shortbow.
* * * LOW HITPOINT WARNING * * *
The centaur hits you with an enchanted shortbow.
* * * LOW HITPOINT WARNING * * *
Unknown command.
It was a potion of curing.
You feel better. The centaur closely misses you.
Unknown command.
Casting: Throw Flame (safe; 3% risk of failure)
Confirm with . or Enter, or press ? or * to list all spells.
Aiming: Flame Tongue (safe; 2% risk of failure)
Press: ? - help, Shift-Dir - straight line, f/p - centaur
Aim: a centaur, wielding an enchanted shortbow The flame tongue hits the centaur.
The centaur is heavily wounded.
The centaur hits you with an enchanted shortbow!
You die...

#.# #.###
#...# ###.#
#.# #.#
##########)#
......c.)((#
.#####@####
#(#
#.........
...########


PPPP. PP.P. _PP. PP .. PP. You could see a centaur.

Vanquished Creatures
  Grinder (D:3)
  A crimson imp (D:4)
  A gnoll shaman (D:4)
  Crazy Yiuf (D:3)
  Jessica (D:3)
  3 worker ants
  3 gnolls (D:4)
  5 adders
  4 worms
  A dart slug (D:2)
  2 leopard geckos
  2 orcs (D:3)
  5 giant cockroaches
  7 goblins
  5 hobgoblins
  A quokka (D:3)
  2 ball pythons
  5 bats
  2 frilled lizards
  8 kobolds
  4 rats
64 creatures vanquished.

Notes
Turn   | Place    | Note
-------+----------+-------------------------------------------
     0 | D:1      | dvd the Octopode Fire Elementalist began the quest for the Orb.
     0 | D:1      | Reached XP level 1. HP: 11/11 MP: 3/3
   269 | D:1      | Reached XP level 2. HP: 17/17 MP: 5/5
   302 | D:1      | Learned a level 2 spell: Throw Flame
   727 | D:1      | Reached XP level 3. HP: 21/21 MP: 6/6
  1559 | D:2      | Found a stormy altar of Qazlal.
  1566 | D:2      | Became a worshipper of Qazlal Stormbringer
  1614 | D:2      | Reached skill level 4 in Fire Magic
  2074 | D:3      | Noticed Jessica
  2080 | D:3      | Killed Jessica
  2080 | D:3      | Reached XP level 4. HP: 27/27 MP: 7/7
  2192 | D:3      | Reached skill level 1 in Short Blades
  2408 | D:3      | Reached XP level 5. HP: 27/31 MP: 6/8
  2572 | D:3      | Reached * piety under Qazlal
  2583 | D:3      | Noticed Grinder
  2594 | D:3      | Killed Grinder
  2594 | D:3      | Reached skill level 1 in Fighting
  2594 | D:3      | Reached XP level 6. HP: 6/38 MP: 0/10
  3348 | D:3      | Found a runed door.
  3352 | D:3      | Noticed Crazy Yiuf
  3355 | D:3      | Killed Crazy Yiuf
  3355 | D:3      | Reached skill level 5 in Fire Magic
  3392 | D:4      | Found a transporter.
  3708 | D:4      | Noticed letownia2's ghost (weakling DsFi)
  3720 | D:4      | Found a transporter.
  3796 | D:4      | Found a blossoming altar of Fedhas.
  3799 | D:4      | Reached XP level 7. HP: 43/43 MP: 7/12
  4040 | D:4      | HP: 2/43 [centaur/enchanted shortbow (2)]
  4042 | D:4      | Slain by a centaur

Skill      XL: |  1  2  3  4  5  6 |
---------------+-------------------+-----
Fire Magic     | 4 5 |  5.3
Short Blades   | 1 2 |  2.1
Conjurations   | 2 3 |  3.2
Fighting       | 1 |  1.1
Spellcasting   | 3 |  3.6
Staves         | |  0.5
Dodging        | |  2.7
Stealth        | |  2.9

Action                   |  1- 3 |  4- 6 |  7- 9 || total
-------------------------+-------+-------+-------++-------
Melee: Dagger            |    26 |    18 |       ||    44
       Constrict         |     5 |     7 |     3 ||    15
       Tentacles         |       |     3 |     1 ||     4
       Quarterstaff      |       |     5 |    11 ||    16
 Cast: Flame Tongue      |    25 |    22 |     6 ||    53
       Throw Flame       |     2 |    16 |     4 ||    22
  Use: Potion            |       |       |     1 ||     1
 Stab: Sleeping          |    12 |     3 |       ||    15
       Confused          |       |       |     1 ||     1
  Eat: Chunk             |     4 |     6 |     1 ||    11
Armor: Skin              |     2 |     1 |       ||     3
Dodge: Dodged            |    13 |    24 |    13 ||    50
Block: Other             |       |     1 |     1 ||     2
